 Dungeon Crawl Stone Soup version 0.26-a0-307-g4e7fcc93f0 (webtiles) character file.

Game seed: 9439556163373733223

298 BritishOli the Skirmisher (level 6, -3/49 HPs)
             Began as a Demonspawn Fighter on July 15, 2020.
             Slain by a gnoll
             ... wielding a +0 vorpal spear
              (5 damage)
             ... on level 4 of the Dungeon.
             The game lasted 00:03:28 (3808 turns).

BritishOli the Skirmisher (Demonspawn Fighter)      Turns: 3808, Time: 00:03:29

Health: -3/49      AC: 10    Str: 18    XL:     6   Next: 13%
Magic:  6/6        EV:  7    Int:  9    God:
Gold:   144        SH:  9    Dex: 13    Spells: 5/5 levels left

rFire    . . .     SeeInvis .   a - +0 long sword
rCold    . . .     Faith    .   c - +0 kite shield
rNeg     . . .     Spirit   .   b - +0 scale mail
rPois    .         Reflect  .   q - +2 helmet
rElec    .         Harm     .   (no cloak)
rCorr    .                      m - +2 pair of gloves
MR       .....                  (no boots)
Stlth    ..........             (no amulet)
HPRegen  0.16/turn              s - -4 ring of protection (curse)
MPRegen  0.10/turn              (no ring)

@: lethally poisoned (-3 -> -6), very slow
A: talons 1, rugged brown scales 1
a: no special abilities


You were on level 4 of the Dungeon.
You visited 1 branch of the dungeon, and saw 4 of its levels.

You collected 144 gold pieces.

Inventory:

Hand Weapons
 a - a +0 long sword (weapon)
Armour
 b - a +0 scale mail (worn)
 c - a +0 kite shield (worn)
 m - a +2 pair of gloves (worn)
 q - a +2 helmet (worn)
Jewellery
 s - a cursed -4 ring of protection (left hand)
Wands
 k - a wand of paralysis (10)
Scrolls
 g - a scroll of amnesia
 i - a scroll of teleportation
 j - a scroll of magic mapping
Potions
 d - 2 potions of might
 e - a potion of stabbing {unknown}
 f - 4 potions of curing
 h - 2 potions of flight {unknown}
 l - a potion of ambrosia {unknown}
 o - a potion of mutation {unknown}
 r - a potion of degeneration {unknown}


   Skills:
 + Level 4.2 Fighting
 + Level 3.2 Long Blades
 + Level 3.9 Armour
 + Level 3.9 Shields


You had 5 spell levels left.
You didn't know any spells.
Your spell library was empty.

Dungeon Overview and Level Annotations

Branches:
Dungeon (4/15)
 Temple: D:4-7

Altars:
Dithmenos
Gozag


Innate Abilities, Weirdness & Mutations

You have sharp toenails.
You are partially covered in rugged brown scales. (AC +1, +3% HP)


Message History

The adder completely misses you. The leopard gecko bites you.
* * * LOW HITPOINT WARNING * * *
Unknown command.
You miss the leopard gecko. Your kick misses the leopard gecko.
You block the adder's attack. The adder closely misses you.
You riposte.
You completely miss the adder. Your kick misses the adder.
The leopard gecko bites you but does no damage.
The gnoll closely misses you. You block the adder's attack.
The adder closely misses you.
You riposte.
You closely miss the adder. You claw the adder.
The adder is moderately wounded.
The leopard gecko bites you but does no damage.
Your unstable footing causes you to fumble your attack.
* * * LOW HITPOINT WARNING * * *
You feel sick. You block the adder's attack. The adder closely misses you.
You block the gnoll's attack. The leopard gecko barely misses you.
You riposte.
Your unstable footing causes you to fumble your attack.
The adder bites you but does no damage.
The gnoll hits you from afar with a +0 vorpal spear.
You die...

######
#..gg########
#..≈gS@lss.≈#*
#.#≈gS≈≈≈≈≈..#
#.#########..#
#.#**≈≈≈≈≈≈,,#
#g#*≈,,∩,,,,**
#g#,,≈≈≈≈≈≈**
#g#,,*********
#####g#,≈≈≈≈≈≈≈≈,**
#.g..(##,≈,,≈≈≈≈≈≈*


You could see 4 gnolls, 2 adders, a leopard gecko and 2 giant cockroaches.

Vanquished Creatures
  Blork the orc (D:4)
  A hound (D:4)
  An orc wizard (D:3)
  4 gnolls
  5 adders
  5 worms
  A dart slug (D:1)
  2 leopard geckos
  4 orcs (D:3)
  12 bats
  3 giant cockroaches
  3 hobgoblins
  4 jackals (D:1)
  5 ball pythons
  5 frilled lizards
  3 goblins
  12 kobolds
  10 rats
81 creatures vanquished.

Notes
Turn   | Place    | Note
-------+----------+-------------------------------------------
     0 | D:1      | BritishOli the Demonspawn Fighter began the quest for the
                  | Orb.
     0 | D:1      | Reached XP level 1. HP: 18/18 MP: 1/1
   276 | D:1      | Gained mutation: You are partially covered in rugged brown
                  | scales. (AC +1, +3% HP) [demonic ancestry]
   276 | D:1      | Reached XP level 2. HP: 18/24 MP: 2/2
   831 | D:1      | Reached XP level 3. HP: 11/29 MP: 3/3
  1844 | D:2      | Reached XP level 4. HP: 36/36 MP: 4/4
  2386 | D:3      | Found a shadowy altar of Dithmenos.
  3102 | D:3      | Gained mutation: You have sharp toenails. [demonic
                  | ancestry]
  3102 | D:3      | Reached XP level 5. HP: 41/43 MP: 5/5
  3137 | D:3      | Found an opulent altar of Gozag.
  3496 | D:4      | Reached skill level 4 in Fighting
  3563 | D:4      | Noticed Blork the orc
  3575 | D:4      | Killed Blork the orc
  3584 | D:4      | Reached XP level 6. HP: 34/49 MP: 6/6
  3806 | D:4      | HP: 2/49 [leopard gecko (4)]
  3808 | D:4      | Slain by a gnoll

Illustrated notes

Levels and vault maps discovered:
D:1:      dpeg_arrival_long_road, layout_basic, minmay_misc_feat_square,
          minmay_misc_feat_more_columns, st_stairs_1
D:2:      layout_loops_cross
D:3:      layout_basic, lemuel_crystal_altar, overflow_temple_1_default,
          minmay_misc_feat_room
D:4:      layout_rooms, gup_sewer_entry_pipe, uniq_blork_the_orc

Skill      XL: |  1  2  3  4  5 |
---------------+----------------+-----
Long Blades    | 2 3 |  3.2
Armour         | 3 |  3.9
Shields        | 3 |  3.9
Fighting       | 4 |  4.2

Action                   |  1- 3 |  4- 6 || total
-------------------------+-------+-------++-------
Melee: Long sword        |   133 |   167 ||   300
       Kick              |       |    18 ||    18
  Use: Scroll            |       |     5 ||     5
       Potion            |       |     1 ||     1
Armor: Scale mail        |    84 |   124 ||   208
Dodge: Dodged            |    45 |    71 ||   116
Block: Kite shield       |    75 |   123 ||   198
       Rpst.: Long sword |    14 |    23 ||    37

Table legend:
 A = Non-vault XP
 B = Vault XP
 C = Vault XP percentage of total XP
 D = Non-vault monster count
 E = Vault monster count
 F = Vault count percentage of total count
                 A         B        C        D         E       F
            +---------+---------+-------+---------+---------+-------
      Total |     327 |      99 |  23.2 |      78 |       3 |   3.7
            +---------+---------+-------+---------+---------+-------
        D:1 |      44 |       3 |   6.4 |      25 |       2 |   7.4
        D:2 |     110 |       0 |   0.0 |      26 |       0 |   0.0
        D:3 |      95 |       0 |   0.0 |      21 |       0 |   0.0
        D:4 |      78 |      96 |  55.2 |       6 |       1 |  14.3
            +---------+---------+-------+---------+---------+-------
